 Dungeon Crawl Stone Soup version 0.28-a0-577-gb193047a1f (webtiles) character file.

Game seed: 17130121411610721747

2 varam the Skirmisher (level 1, -1/18 HPs)
             Began as a Demonspawn Monk on Oct 1, 2021.
             Slain by a gnoll (5 damage)
             ... on level 1 of the Dungeon.
             The game lasted 00:01:09 (315 turns).

varam the Skirmisher (Demonspawn Monk)               Turns: 315, Time: 00:01:10

Health: -1/18      AC:  2    Str: 11    XL:     1   Next: 25%
Magic:  1/1        EV: 12    Int: 11    God:
Gold:   0          SH:  0    Dex: 15    Spells: 0/0 levels left

rFire   . . .      SeeInvis .   a - +0 falchion
rCold   . . .      Faith    .   (no shield)
rNeg    . . .      Spirit   .   b - +0 robe
rPois   .          Reflect  .   (no helmet)
rElec   .          Harm     .   (no cloak)
rCorr   .          Rampage  .   (no gloves)
Will    .....                   (no boots)
Stlth   ++........              (no amulet)
HPRegen 0.06/turn               (no ring)
MPRegen 0.07/turn               (no ring)

@: no status effects
A: no striking features
a: no special abilities


You were on level 1 of the Dungeon.
You visited 1 branch of the dungeon, and saw 1 of its levels.

Inventory:

Hand Weapons
 a - a +0 falchion (weapon)
Armour
 b - a +0 robe (worn)
 d - a +0 pair of gloves
   (You found it on level 1 of the Dungeon)
Scrolls
 c - a scroll of teleportation {unknown}


   Skills:
 - Level 3.0 Fighting
 + Level 2.8 Long Blades
 - Level 2.6 Dodging
 - Level 1.7 Stealth


You couldn't memorise any spells.
You didn't know any spells.
Your spell library was empty.

Dungeon Overview and Level Annotations

Branches:
Dungeon (1/15)

Altars:


Message History

The goblin misses you. x2
You hit the goblin but do no damage.
The goblin is almost dead.
The goblin hits you with a +0 club.
You barely miss the goblin.
The goblin is almost dead.
The goblin barely misses you.
You miss the goblin.
The goblin is almost dead.
The goblin hits you with a +0 club.
You closely miss the goblin.
The goblin is almost dead.
The goblin misses you.
You hit the goblin.
You kill the goblin!
Things that are here:
a +0 whip; a kobold corpse You start resting.
HP restored.
You start waiting.
Done waiting.
As you open the door, it creaks loudly!
A gnoll comes into view. It is wielding a +0 spear.
There is an open door here.
The gnoll hits you but does no damage.
You hit the gnoll but do no damage. The gnoll barely misses you.
The gnoll hits you with a +0 spear.
You hit the gnoll.
The gnoll is moderately wounded.
The endoplasm freezes you.
You are frozen.
The gnoll hits you with a +0 spear.
You barely miss the gnoll.
The gnoll is moderately wounded.
The endoplasm hits you. The gnoll hits you with a +0 spear.
* * * LOW HITPOINT WARNING * * *
You closely miss the gnoll.
The gnoll is moderately wounded.
The endoplasm hits you but does no damage.
The gnoll hits you with a +0 spear.
You die...

....##+####+##.
................
..[..........J.#
...............#
.#####)#######.#
#.#######.#
###.........#
.###≈≈≈≈......######.#
>......≈......'J@g...#
####≈≈≈≈......########
###........#
#)######## ###.# #...#
##...# ###....#
.......#


You could see a gnoll and an endoplasm.

Vanquished Creatures
  A goblin (D:1)
  A kobold (D:1)
2 creatures vanquished.

Notes
Turn   | Place    | Note
-------+----------+-------------------------------------------
     0 | D:1      | varam the Demonspawn Monk began the quest for the Orb.
     0 | D:1      | Reached XP level 1. HP: 18/18 MP: 1/1
   315 | D:1      | Slain by a gnoll

Illustrated notes

Levels and vault maps discovered:
D:1:      lemuel_arrival_lava_pool, layout_basic,
          hellmonk_ecumenical_altar_pennies_from_heaven,
          chequers_serial_rivers_micro_d, dk_noncrumbling_4

Action                   || total
-------------------------++-------
Melee: Falchion          ||    16
Armor: Robe              ||     2
Dodge: Dodged            ||     7

Table legend: (Time is in decaauts)
 A = Elapsed time spent in this place.
 B = Non-inter-level travel time spent in this place.
 C = Inter-level travel time spent in this place.
 D = Time resting spent in this place.
 E = Time spent auto-exploring this place.
 F = Levels seen in this place.
 G = Mean time per level.
                   A        B        C        D        E       F      G
               +--------+--------+--------+--------+--------+-----+--------+
         Total |    317 |    317 |      0 |    241 |      7 |   1 |  317.0 |
       Dungeon |    317 |    317 |      0 |    241 |      7 |   1 |  317.0 |
               +--------+--------+--------+--------+--------+-----+--------+

Top non-repeatable levels by time:
     D:1: 317 daAuts
